 Dungeon Crawl Stone Soup version 0.30-a0-1053-gbd8d5ba0ad (webtiles) character file.

Game seed: 10276067447877829813

366 bmack86 the Chopper (level 6, -3/55 HPs)
             Began as a Minotaur Fighter on Apr 12, 2023.
             Killed from afar by an orc wizard (9 damage)
             ... with a puff of flame
             ... on level 4 of the Dungeon.
             The game lasted 00:07:31 (2708 turns).

bmack86 the Chopper (Minotaur Fighter)              Turns: 2708, Time: 00:07:31

Health: -3/55      AC: 10    Str: 22    XL:     6   Next: 40%
Magic:  5/5        EV: 10    Int:  5    God:
Gold:   163        SH:  4    Dex: 10    Spells: 5/5 levels left

rFire   . . .      SeeInvis .    a - +0 war axe
rCold   + . .      Faith    +    c - +0 buckler
rNeg    . . .      Spirit   .    t - +2 ring mail {Will+}
rPois   .          Reflect  .    (helmet restricted)
rElec   .          Rampage  .    (no cloak)
rCorr   .                        h - +0 pair of gloves
Will    +....                    o - +0 pair of boots Stlth
                                 p - amulet of faith
HPRegen 0.29/turn                k - ring of protection from cold
MPRegen 0.09/turn                (no ring)

@: no status effects
A: horns 2, retaliatory headbutt
a: no special abilities


You were on level 4 of the Dungeon.
You visited 1 branch of the dungeon, and saw 4 of its levels.

You collected 163 gold pieces.

Inventory:

Hand Weapons
 a - a +0 war axe (weapon)
Missiles
 i - 8 poisoned darts
 l - 8 boomerangs (quivered)
Armour
 b - a +0 scale mail
 c - a +0 buckler (worn)
 h - a +0 pair of gloves (worn)
 o - a +0 pair of boots (worn)
 t - a +2 ring mail of willpower (worn)
Jewellery
 k - a ring of protection from cold (left hand)
 p - an amulet of faith (around neck)
Scrolls
 f - a scroll of noise
 g - a scroll of magic mapping {unknown}
 j - a scroll of acquirement
 q - a scroll of blinking
 u - a scroll of enchant armour {unknown}
Potions
 d - a potion of might
 e - 2 potions of heal wounds
 m - a potion of mutation
 n - 2 potions of degeneration
 r - 2 potions of cancellation
 s - 2 potions of invisibility


   Skills:
 + Level 4.8 Fighting
 * Level 5.2 Axes
 + Level 2.1 Throwing
 + Level 4.9 Armour
 + Level 4.9 Shields


You had 5 spell levels left.
You didn't know any spells.
Your spell library contained the following spells:

 Spells                   Type           Power      Damage    Failure   Level
 Magic Dart               Conj           0%         1d3       71%         1
 Sandblast                Erth           0%         2d4       71%         1
 Passwall                 Tmut/Erth      0%         N/A       85%         2
 Searing Ray              Conj           0%         2d4       85%         2
 Stone Arrow              Conj/Erth      0%         3d7       97%         3
 Fulminant Prism          Conj/Hex       0%         3d5       100%        4


Dungeon Overview and Level Annotations

Branches:
Dungeon (4/15)
 Temple: D:4-7

Altars:
Ashenzari
Nemelex Xobeh


Innate Abilities, Weirdness & Mutations

You have a pair of horns on your head.
You reflexively headbutt those who attack you in melee.


Message History

You kill the orc!
The orc priest invokes the aid of Beogh against you.
Pain shoots through your body!
Things that are here:
a +0 club; a +0 leather armour; an orc corpse The orc priest looks encouraged for a moment.
The orc priest miscasts a cantrip.
You barely miss the orc priest.
The orc priest is severely wounded.
The orc priest calls down the wrath of Beogh upon you.
Beogh smites you!
The orc priest invokes the aid of Beogh against you.
Beogh smites you!
You hit the orc priest.
You kill the orc priest!
Your Throwing skill increases to level 2!
You barely miss the orc wizard. Your headbutt misses the orc wizard.
The orc wizard hits you with a +0 dagger.
You hit the orc wizard but do no damage.
The orc wizard hits you but does no damage.
An orc wizard comes into view.
It is wielding a +0 dagger of distortion.
The orc wizard hits you but does no damage.
You miss the orc wizard.
The orc wizard shouts!
You headbutt the orc wizard!
The orc wizard is severely wounded.
You hear a shout!
The orc wizard hits you but does no damage.
You slash the orc wizard!
You kill the orc wizard!
You closely miss the orc. The orc hits you but does no damage.
You slash the orc!
You kill the orc!
The orc wizard hits you but does no damage.
Space warps horribly around you!
* * * LOW HITPOINT WARNING * * *
You closely miss the orc wizard. Your headbutt misses the orc wizard.
The orc wizard gestures at you while chanting.
The puff of flame hits you!
You die...

#....# #..
#....# #..
#....# #..
#.#### ### #.#
#.# #.#
#.############.#
#....o@.)......#
################


You could see an orc wizard.

Vanquished Creatures
  Pargi (D:4)
  A jelly (D:4)
  An orc priest (D:4)
  Jessica (D:3)
  An iguana (D:4)
  2 orc wizards (D:4)
  Robin (D:3)
  3 adders
  8 orcs (D:4)
  4 bats
  8 endoplasms
  A giant cockroach (D:2)
  12 goblins
  8 hobgoblins
  7 kobolds
  A quokka (D:2)
  3 ball pythons
  5 frilled lizards
  4 rats
72 creatures vanquished.

Notes
Turn   | Place    | Note
-------+----------+-------------------------------------------
     0 | D:1      | bmack86 the Minotaur Fighter began the quest for the Orb.
     0 | D:1      | Reached XP level 1. HP: 19/19 MP: 0/0
   430 | D:1      | Reached XP level 2. HP: 23/27 MP: 1/1
   462 | D:1      | Reached skill level 3 in Axes
   816 | D:2      | Found a sparkling altar of Nemelex Xobeh.
   958 | D:2      | Reached XP level 3. HP: 33/33 MP: 2/2
  1285 | D:2      | You fall into a shaft and drop 2 floors!
  1292 | D:4      | Reached skill level 1 in Throwing
  1292 | D:4      | Reached XP level 4. HP: 40/40 MP: 3/3
  1314 | D:4      | Found a broken altar of Ashenzari.
  1330 | D:3      | Noticed Robin
  1345 | D:3      | Killed Robin
  1357 | D:3      | Reached skill level 4 in Axes
  1775 | D:3      | Noticed Jessica
  1781 | D:3      | Killed Jessica
  1782 | D:3      | Reached XP level 5. HP: 40/47 MP: 4/4
  2288 | D:2      | Identified a scroll of acquirement
  2636 | D:4      | Noticed Pargi
  2646 | D:4      | Killed Pargi
  2647 | D:4      | Reached skill level 5 in Axes
  2647 | D:4      | Reached XP level 6. HP: 46/53 MP: 5/5
  2708 | D:4      | Killed from afar by an orc wizard

Illustrated notes

Levels and vault maps discovered:
D:1:      minmay_arrival_diagonal_passages, layout_basic, minmay_crystal_room
D:2:      layout_loops_ring, basic_altar, nrook_mini_backslash,
          corexii_item_surrounded_by_moat
D:3:      layout_basic, uniq_jessica, uniq_robin
D:4:      layout_basic, kennysheep_mini_moat, uniq_pargi

Skill      XL: |  1  2  3  4  5  6 |
---------------+-------------------+-----
Axes           | 3 4 5 |  5.2
Fighting       | 4 |  4.8
Armour         | 4 |  4.9
Shields        | 4 |  4.9
Throwing       | 1 2 |  2.1

Action                     |  1- 3 |  4- 6 || total
---------------------------+-------+-------++-------
  Melee: War axe           |    66 |    71 ||   137
         Headbutt          |    10 |    12 ||    22
  Throw: Boomerang         |     4 |    14 ||    18
    Use: Scroll            |       |     8 ||     8
 Armour: Scale mail        |    44 |    37 ||    81
         Ring mail         |       |    12 ||    12
  Dodge: Dodged            |    22 |    37 ||    59
  Block: Buckler           |    17 |    19 ||    36

Table legend: (Time is in decaauts)
 A = Elapsed time spent in this place.
 B = Non-inter-level travel time spent in this place.
 C = Inter-level travel time spent in this place.
 D = Time resting spent in this place.
 E = Time spent auto-exploring this place.
 F = Levels seen in this place.
 G = Mean time per level.
                   A        B        C        D        E       F      G
               +--------+--------+--------+--------+--------+-----+--------+
         Total |   2761 |   2587 |    174 |      0 |   1769 |   4 |  690.2 |
       Dungeon |   2761 |   2587 |    174 |      0 |   1769 |   4 |  690.2 |
               +--------+--------+--------+--------+--------+-----+--------+

Top non-repeatable levels by time:
     D:1: 826 daAuts
     D:3: 766 daAuts
     D:2: 745 daAuts
     D:4: 423 daAuts
